 Dungeon Crawl Stone Soup version 0.29-a0-23-ga79f92ac9c (webtiles) character file.

Game seed: 10254372140032751664

42 HallandMoats the Skirmisher (level 3, -12/33 HPs)
             Began as a Ghoul Monk on Jan 30, 2022.
             Killed by divine providence
             ... invoked by an orc priest
              (13 damage)
             ... on level 2 of the Dungeon.
             The game lasted 00:01:31 (1260 turns).

HallandMoats the Skirmisher (Ghoul Monk)            Turns: 1260, Time: 00:01:32

Health: -12/33     AC:  8    Str: 22    XL:     3   Next: 54%
Magic:  3/3        EV:  8    Int:  5    God:
Gold:   51         SH:  0    Dex: 11    Spells: 2/2 levels left

rFire   . . .      SeeInvis .     - Unarmed
rCold   + . .      Faith    .   (no shield)
rNeg    + + +      Spirit   .   g - +0 chain mail
rPois   ∞          Reflect  .   (no helmet)
rElec   .          Harm     .   (no cloak)
rCorr   .          Rampage  .   (no gloves)
Will    .....                   (no boots)
Stlth   ..........              (no amulet)
HPRegen 0.00/turn               c - +6 ring of strength
MPRegen 0.08/turn               (no ring)

@: confused, inhibited regen, hasted, very quick
A: claws 1, cold resistance 1, negative energy resistance 3, inhibited
regeneration, torment resistance 2
a: no special abilities


You were on level 2 of the Dungeon.
You visited 1 branch of the dungeon, and saw 2 of its levels.

You collected 51 gold pieces.

Inventory:

Armour
 g - a +0 chain mail (worn)
Jewellery
 c - a +6 ring of strength (left claw)
Scrolls
 d - a scroll of vulnerability {unknown}
 h - 3 scrolls of identify {unknown}
Potions
 a - a potion of haste
 b - a potion of resistance {unknown}
 e - a potion of curing {unknown}
 f - a potion of might {unknown}


   Skills:
 * Level 3.8 Fighting
 + Level 0.6 Armour
 + Level 2.8 Dodging
 - Level 2.1 Stealth
 * Level 3.6 Unarmed Combat
 * Level 1.5 Invocations


You had 2 spell levels left.
You didn't know any spells.
Your spell library was empty.

Dungeon Overview and Level Annotations

Branches:
Dungeon (2/15)

Altars:

Shops:
D:2 =


Innate Abilities, Weirdness & Mutations

You thrive by killing the living.
You are immune to poison.
You have sharp fingernails.
Your flesh is cold resistant. (rC+)
You are immune to negative energy. (rN+++)
You do not regenerate when monsters are visible.
You are immune to unholy pain and torment.


Message History

You are too injured to fight recklessly!
You are too injured to fight recklessly!
You are too injured to fight recklessly!
You are too injured to fight recklessly!
You are too injured to fight recklessly!
You are too injured to fight recklessly!
You are too injured to fight recklessly!
You are too injured to fight recklessly!
You are too injured to fight recklessly!
You are too injured to fight recklessly!
You are too injured to fight recklessly!
You are too injured to fight recklessly!
You are too injured to fight recklessly!
You are too injured to fight recklessly!
You are too injured to fight recklessly!
You are too injured to fight recklessly!
You are too injured to fight recklessly!
You are too injured to fight recklessly!
You are too injured to fight recklessly!
You scratch something. Something hits you but does no damage.
The orc priest barely misses you.
You miss something.
The orc priest looks braver for a moment.
Something hits you but does no damage.
You closely miss something. You miss something. Something hits you.
The orc priest hits you from afar with a +0 trident.
* * * LOW HITPOINT WARNING * * *
You scratch something. Something hits you but does no damage.
The orc priest barely misses you.
You barely miss something.
You hear some strange, mumbled words.
You are confused.
The orc priest hits you from afar with a +0 trident.
* * * LOW HITPOINT WARNING * * *
Unknown command.
It was a potion of haste.
You feel yourself speed up.
The orc priest calls down the wrath of Beogh upon you.
Beogh smites you!
You die...

#.# ####......# #.#
#..........#
#.###..#.####.# #.#
#.#.####.###
##...#...#
#.###.###...####.#.#
#.....#..#
#.............##.#.#
#..∩..#..#
#####.####..####.#.#
#.....#.## #.#
##.####.#.#
##...#..# #.#
#..#......
####..##########.#
#..#.#.#.#
......ooo{@..#
#....#.#.#
###############
#.#..#.#.#
#.#..#.#.#
#.##.#.#.#
#.##...#.#
#.##...#.# #.
#...#.. .....


You could see 2 orc priests and an orc.

Vanquished Creatures
  A dart slug (D:1)
  An orc (D:2)
  2 ball pythons
  4 endoplasms
  3 giant cockroaches
  6 goblins (D:1)
  3 jackals (D:1)
  4 quokkas (D:1)
  2 bats
  2 frilled lizards
  5 kobolds
33 creatures vanquished.

Notes
Turn   | Place    | Note
-------+----------+-------------------------------------------
     0 | D:1      | HallandMoats the Ghoul Monk began the quest for the Orb.
     0 | D:1      | Reached XP level 1. HP: 19/19 MP: 0/0
    37 | D:1      | Reached XP level 2. HP: 26/26 MP: 1/1
   117 | D:1      | Reached skill level 1 in Invocations
   396 | D:1      | Found a faded altar of an unknown god.
   465 | D:1      | Reached XP level 3. HP: 30/33 MP: 2/2
  1063 | D:2      | Found Pomemec's One-of-a-Kind Rings.
  1259 | D:2      | HP: 1/33 [orc priest (6)]
  1260 | D:2      | Killed from afar by an orc priest

Illustrated notes

Levels and vault maps discovered:
D:1:      saegor_arrival_simple_c, layout_basic,
          shapermc_ecumenical_altar_mp_urbaneastern, hangedman_decor_push,
          hex_large
D:2:      layout_basic, serial_shops, nicolae_diamond_shop,
          nicolae_shop_unique_rings

Skill      XL: |  1  2 |
---------------+-------+-----
Invocations    | 1 |  1.5
Fighting       | |  3.8
Armour         | |  0.6
Dodging        | |  2.8
Stealth        | |  2.1
Unarmed Combat | |  3.6

Action                   || total
-------------------------++-------
Melee: Unarmed           ||   112
       Punch             ||     2
  Use: Potion            ||     1
 Stab: Sleeping          ||     3
Armor: Robe              ||    10
       Chain mail        ||    20
Dodge: Dodged            ||    62

Table legend: (Time is in decaauts)
 A = Elapsed time spent in this place.
 B = Non-inter-level travel time spent in this place.
 C = Inter-level travel time spent in this place.
 D = Time resting spent in this place.
 E = Time spent auto-exploring this place.
 F = Levels seen in this place.
 G = Mean time per level.
                   A        B        C        D        E       F      G
               +--------+--------+--------+--------+--------+-----+--------+
         Total |   1251 |   1202 |     49 |      0 |    976 |   2 |  625.5 |
       Dungeon |   1251 |   1202 |     49 |      0 |    976 |   2 |  625.5 |
               +--------+--------+--------+--------+--------+-----+--------+

Top non-repeatable levels by time:
     D:1: 938 daAuts
     D:2: 312 daAuts
